[Event "CCT Chessable Masters Playoffs 2025"]
[Site "Online"]
[Date "2025.02.19"]
[Round "52"]
[White "Yu, Yangyi"]
[Black "Giri, Anish"]
[Result "1-0"]
[Annotator "TA"]
[ECO "D13"]
[WhiteElo "2715"]
[BlackElo "2728"]
[PlyCount "151"]
[EventDate "2025.02.13"]
[EventType "k.o."]
[EventCountry "NET"]
[SourceTitle "playchess.com"]
[Source "ChessBase"]
[SourceQuality "1"]
[TimeControl "600"]

1. d4 d5 2. c4 c6 3. cxd5 cxd5 4. Nc3 Nf6 5. Bf4 Nc6 6. Nf3 e6 7. e3 Bd6 8. Bg3 O-O 9. Bd3 h6 {[%emt 0:00:01] D13: Slav Defence: Exchange variation without ...Bf5.} 10. O-O Bxg3 11. hxg3 Qd6 {[%emt 0:00:05] The position is equal.} 12. Rc1 Bd7 13. Qb3 Na5 $146 ({Predecessor:} 13... Rfc8 14. Qxb7 Rab8 15. Qa6 Rxb2 16. Ne5 Rb6 17. Nb5 Qb8 18. Nxd7 Nxd7 19. Qa4 a6 {1-0 Le,T (2514)-Kamsky,G (2649) Titled Tuesday intern op 31st Aug blitz 2021 (6)}) 14. Qc2 Nc6 15. Nb5 Qb8 16. Qc5 a6 17. Nd6 Ne8 18. Nxe8 Rxe8 19. Qb6 Qd8 20. Qb3 Na5 21. Qb4 Nc6 22. Qb3 (22. Qxb7 Rb8 23. Qxa6 Nb4 $17) 22... Na5 23. Qb4 Nc6 {[%emt 0:00:01] Wards off Ne5} 24. Qd6 (24. Qxb7 Rb8 25. Qxa6 Nb4 $17) 24... Qe7 25. Qc7 (25. Qxe7 {simplifies} Nxe7 26. Ne5 Bc6 27. Rc5) 25... Qd8 26. Qf4 Qf6 (26... f6 27. Qg4 Rc8 28. Nh4 Qa5) 27. Rc3 Qxf4 (27... Qe7 {looks sharper.} 28. Rfc1 Rac8 29. Ne5 Nxe5 30. dxe5 Rxc3 31. Rxc3 Bc6) 28. gxf4 Rec8 29. Rfc1 Kf8 30. g4 Ke7 31. Kg2 Nb4 {[%emt 0:00:22] aiming for ...Nxd3.} 32. Bb1 Rxc3 33. Rxc3 Nc6 34. Kg3 Rc8 35. Ne5 Nxe5 36. Rxc8 Bxc8 37. fxe5 $11 {[%emt 0:00:01][%mdl 4096] Endgame KB-KB} g5 38. f4 a5 39. Bd3 Bd7 40. a3 Kd8 41. Bh7 Bb5 42. Bc2 b6 (42... Ke7 $11) 43. f5 $1 $14 Bc6 44. f6 Kd7 45. Bd3 Kc7 (45... Ba4 $14) 46. Kf2 (46. Bg6 $1 $18 {[%cal Rg6f7] and White stays clearly on top.}) 46... Kd8 $16 47. Ke2 Ba4 48. Kd2 Kd7 49. Be2 Kd8 50. Kc3 Bd7 51. Bd3 Kc7 (51... Ke8 $14) 52. Be2 $2 ({Only move:} 52. Bg6 $1 $18 ) 52... Bc6 (52... Kd8 $1 $11) 53. Bd3 Bd7 $1 54. e4 dxe4 (54... Kc8 $14) 55. Bxe4 Kd8 56. b4 {[%emt 0:00:14] White is more active.} ({White should play} 56. Kc4 $16) 56... axb4+ $14 57. Kxb4 Ke8 $1 58. Bd3 Kd8 59. Bb5 Bc8 60. Bc6 Ba6 61. d5 exd5 $1 62. Bxd5 Ke8 63. Bc4 Bc8 $1 64. Be2 {[%emt 0:00:10] And now Kb5 would win.} Bd7 $2 {[%emt 0:00:17][%mdl 8192] [#] Black cannot hold the game after this.} (64... Kd7 $11) 65. Bb5 $1 {[%emt 0:00:06] White mates.} Kd8 {[%emt 0:00:22] [#]} 66. Bxd7 $1 Kxd7 {[%emt 0:00:00] KP-KP} 67. Kc4 Ke6 68. Kd4 h5 69. gxh5 Kf5 70. h6 Kg6 {[%emt 0:00:01] [#]} 71. e6 $1 fxe6 72. Ke5 g4 73. Kxe6 g3 74. f7 g2 75. f8=Q (75. f8=R $2 {too greedy.} Kh7 76. Rf7+ Kxh6 77. Rf6+ Kg7 78. Rf7+ Kg8 $19) 75... g1=Q 76. Qg7+ {[%emt 0:00:01] Weighted Error Value: White=0.13 (very precise) /Black=0.12 (very precise)   Loses game:     	---       	Black=1      Missed win:     	White=1     	---        Mistake:       	White=2     	Black=5      Inaccurate:     	---       	Black=1      OK:         	White=20    	Black=19     Best:        	---       	Black=3      Strong:       	White=2     	Black=4} 1-0

[Event "CCT Chessable Masters Playoffs 2025"]
[Site "Online"]
[Date "2025.02.19"]
[Round "52"]
[White "Esipenko, Andrey"]
[Black "Caruana, Fabiano"]
[Result "1-0"]
[Annotator "TA"]
[ECO "E71"]
[WhiteElo "2695"]
[BlackElo "2803"]
[PlyCount "79"]
[EventDate "2025.02.13"]
[EventType "k.o."]
[EventCountry "NET"]
[SourceTitle "playchess.com"]
[Source "ChessBase"]
[SourceQuality "1"]
[TimeControl "600"]

1. d4 Nf6 2. c4 g6 3. Nc3 Bg7 4. e4 d6 5. h3 O-O 6. Be3 Nc6 {[%emt 0:00:02] E71: King's Indian: 4 e4 d6 5 h3.} 7. Qd2 e5 {[%emt 0:00:19] [#]} 8. d5 Nd4 {[%emt 0:00:00] The position is equal.} 9. Nge2 c5 10. dxc6 bxc6 11. Nxd4 exd4 12. Bxd4 Re8 13. Bd3 $146 ({Predecessor:} 13. O-O-O Be6 14. Bd3 c5 15. Be3 Rb8 16. Qc2 Nd7 17. f4 Qa5 18. Bd2 Nb6 19. b3 {½-½ Santos Latasa,J (2608)-Mamedov,R (2654) Europe Echecs Blitz May op 2021 (6)}) 13... c5 (13... d5 $14) 14. Be3 $16 Bb7 15. O-O ({Better is} 15. f3 $16) 15... Nxe4 16. Bxe4 Bxe4 17. Nxe4 (17. Rad1 $14 {feels stronger.}) 17... Rxe4 $11 18. Rad1 (18. Rac1 {simplifies} Qe7 19. Rcd1 Re8 20. Qxd6 Qxd6 21. Rxd6 Bxb2 22. Bxc5 a5 23. Ra6) 18... Qb6 19. Qxd6 Qxb2 (19... Qxd6 $11 20. Rxd6 Rxc4) 20. Qc6 (20. Bxc5 $6 Qxa2 21. Qc6 Rae8 $11) 20... Ree8 {[%emt 0:00:04] [#]} 21. Rd7 $1 a5 (21... Qe5 $16) 22. Bxc5 (22. Rxf7 $18 {Strongly threatening Qd5.} Qe5 (22... Kxf7 $2 23. Qd5+ Re6 24. Qxa8 $18) 23. Rb7) 22... Rac8 (22... Qxa2 $2 23. Qd5 Rf8 24. Re1 $18 (24. Bxf8 Rxf8 25. g3 a4 $18)) 23. Qd5 Qf6 {[%emt 0:00:01] Threatens to win with ...Re5.} 24. Be3 {[%emt 0:00:07] White is more active.} a4 (24... Qe6 $16 25. c5 Qxd5 26. Rxd5 h5) 25. c5 $18 Bf8 26. Ra7 Re5 27. Qd7 Ree8 (27... Qe6 {is a better defense.}) 28. Qxa4 Red8 29. Qc4 Qf5 30. Rc1 Rc6 31. a4 Rdc8 32. Ra5 Bd6 33. Ra6 Rxa6 34. Qxa6 Bc7 35. Rd1 (35. Qb7 $142) 35... Rb8 36. Qc6 Rb1 $2 (36... Qd3 37. Rc1 (37. Rxd3 $2 {leads to mate.} Rb1+) (37. Qxc7 Qxd1+ 38. Kh2 Qd8 $16) 37... Be5) 37. Qe8+ Kg7 38. Bd4+ f6 39. Qe7+ $2 (39. Bxf6+ Kxf6 40. Qf8+ Ke6 41. Qc8+ (41. Qxf5+ gxf5 42. Rxb1 Kd5 $18) 41... Ke7 42. Qxc7+ Kf8 43. Rxb1 (43. Qd6+ Kf7 $18) 43... Qxb1+ 44. Kh2) 39... Kh6 $2 (39... Kg8 40. Qe8+ Kg7 41. Bxf6+ Kxf6 42. Qf8+ Ke6 43. Qxf5+ gxf5 44. Rxb1 Kd7) 40. Be3+ $2 {[%emt 0:00:05] Weighted Error Value: White=0.42/Black=0.61  Mistake:       	White=4     	Black=6      Inaccurate:     	White=1     	Black=3      OK:         	White=14    	Black=8      Best:        	White=4     	---        Strong:       	White=1     	---} (40. Qf8+ Kh5 41. g4+ Kg5 42. Bxf6+ (42. gxf5 Rxd1+ 43. Kg2 Rxd4 $18) 42... Qxf6 43. h4+ (43. Qxf6+ Kxf6 44. Rxb1 Ke6 $18) 43... Kxg4 44. Qxf6 Rxd1+ 45. Kg2) 1-0

[Event "CCT Chessable Masters Playoffs 2025"]
[Site "Online"]
[Date "2025.02.19"]
[Round "52"]
[White "Artemiev, Vladislav"]
[Black "Nepomniachtchi, Ian"]
[Result "1-0"]
[Annotator "TA"]
[ECO "A26"]
[WhiteElo "2691"]
[BlackElo "2754"]
[PlyCount "137"]
[EventDate "2025.02.13"]
[EventType "k.o."]
[EventCountry "NET"]
[SourceTitle "playchess.com"]
[Source "ChessBase"]
[SourceQuality "1"]
[TimeControl "600"]

1. c4 Nf6 2. Nc3 e5 3. Nf3 Nc6 4. a3 g6 5. g3 Bg7 6. Bg2 O-O 7. O-O a5 8. d3 d6 9. b3 $5 {[%emt 0:00:02][%mdl 4] A promising side line. A26: English Opening vs King's Indian with ...Nc6 and d3.} Re8 10. Bb2 h6 11. Nd2 {[%emt 0:00:01] The position is equal.} Be6 12. Rc1 Qd7 $146 (12... Nd7 13. Nd5 Nc5 14. Bc3 Nd4 15. b4 axb4 16. axb4 Na4 17. Ba1 c6 18. Nc3 Nxc3 19. Bxc3 {1-0 Flores,D (2568)-Sosa,T (2390) ARG-ch 90th Buenos Aires 2015 (9)}) 13. Re1 Kh7 14. Nd5 Rab8 15. e3 Ne7 16. Nxf6+ Bxf6 17. d4 Bg7 18. dxe5 dxe5 19. Ne4 Qxd1 20. Rexd1 b6 {[%emt 0:00:00] Inhibits Nc5.} 21. Nc3 Red8 22. a4 f5 23. Nb5 c5 {[%emt 0:01:08] A mistake that costs the game.} (23... c6 $1 $14) 24. Nc7 $18 Bf7 {[%emt 0:00:02] [#]} 25. Na6 $1 Rxd1+ 26. Rxd1 Re8 (26... Rf8 $142 27. Rd7 Ng8) 27. Nc7 Rf8 28. Rd7 Nc8 (28... Ng8 $142 29. Bxe5 Bxe5) 29. Bd5 {[%emt 0:00:08] Black is weak on the light squares} Kg8 30. f4 Bxd5 31. cxd5 Rf7 32. Rd8+ Rf8 33. Rxf8+ Kxf8 {[%emt 0:00:07][%mdl 4096] Endgame KBN-KBN} 34. Ne6+ Kf7 35. Nxg7 Kxg7 36. fxe5 {[%emt 0:00:05] KB-KN. White is a pawn up.} Kf7 37. Kf2 b5 38. axb5 Nb6 39. Ba3 Nxd5 40. e4 (40. Bxc5 Nc3 $16) 40... fxe4 41. Bxc5 {[%emt 0:00:02] aiming for b6.} Ke6 42. b6 Kd7 {[%emt 0:00:01] [#]} 43. e6+ $1 Kc6 44. e7 Nf6 45. Bd4 Ne8 46. Ke3 Nd6 {[%emt 0:00:01] [#]} 47. Bc5 $1 Ne8 {[%emt 0:00:14] [#]} (47... Kxc5 48. b7) 48. Kxe4 $1 {[%emt 0:00:00][%cal Oe4e5] Threatening mate with Ke5!.} Kd7 (48... Nf6+ 49. Ke5) 49. Ke5 {[%emt 0:00:02] White mates.} Kc6 50. Bd4 Kd7 51. Kd5 Nd6 {[%emt 0:00:02] [#]} 52. e8=Q+ $1 Nxe8 53. Be5 a4 54. bxa4 g5 55. b7 Nf6+ 56. Bxf6 {[%emt 0:00:01] KB-KPP} Kc7 57. Bg7 Kxb7 58. Bxh6 {[%emt 0:00:00] KB-KP} g4 59. Bf4 Ka6 60. Ke4 Ka5 61. Kf5 Kxa4 62. Kxg4 Kb5 63. h4 Kc6 64. h5 Kd7 65. h6 Ke8 66. h7 Kf7 67. h8=Q Kg6 68. Qe5 Kf7 69. Kf5 {[%emt 0:00:00] Weighted Error Value: White=0.05 (flawless) /Black=0.88  Loses game:     	---       	Black=1      Mistake:       	---       	Black=2      Inaccurate:     	White=2     	Black=1      OK:         	White=12    	Black=3      Best:        	White=3     	Black=1      Strong:       	White=1     	---} 1-0

[Event "CCT Chessable Masters Playoffs 2025"]
[Site "Online"]
[Date "2025.02.19"]
[Round "53"]
[White "Nepomniachtchi, Ian"]
[Black "Esipenko, Andrey"]
[Result "1/2-1/2"]
[Annotator "TA"]
[ECO "C42"]
[WhiteElo "2754"]
[BlackElo "2695"]
[PlyCount "80"]
[EventDate "2025.02.13"]
[EventType "k.o."]
[EventCountry "NET"]
[SourceTitle "playchess.com"]
[Source "ChessBase"]
[SourceQuality "1"]
[TimeControl "600"]

1. e4 e5 2. Nf3 Nf6 3. Nxe5 d6 4. Nf3 Nxe4 5. Nc3 Nxc3 6. dxc3 Be7 7. Be3 O-O 8. Qd2 {[%emt 0:00:00] C42: Petroff Defence: 3 Nxe5 and unusual White 3rd moves.} Nd7 {[%emt 0:00:01] Not much happening anymore} 9. O-O-O Nf6 10. Bd3 c5 11. Rhe1 Be6 12. Kb1 Qa5 13. c4 Qxd2 14. Bxd2 h6 {[%emt 0:00:15] Inhibits Ng5.} 15. Nh4 {[%emt 0:00:14][%cal Bf3h4,Bh4f5,Bf5e3,Be3c4,Bc4e5][%mdl 32] now supersedes 15.h3.} Rfe8 16. Nf5 $146 ({Predecessor:} 16. Ng6 Ng4 17. Nxe7+ Rxe7 18. Re2 Ne5 19. Bc3 f6 20. b3 Nxd3 21. Rxd3 Rd8 22. Rde3 {½-½ Zhao,J (2542)-Zeng,C (2590) CHN-ch Xinghua 2024 (2)}) 16... Bf8 17. f3 {[%emt 0:00:12] Dodges Ng4} b5 18. Ne3 (18. cxb5 c4 19. Bxc4 (19. Rxe6 $2 fxe6 20. Bxc4 d5 $19) 19... Bxf5 $17 (19... Bxc4 $2 20. a4 $19)) 18... bxc4 19. Nxc4 d5 20. Ne5 Rab8 21. c4 Bd6 22. cxd5 Nxd5 23. a3 Bf5 24. Bxf5 Bxe5 ({But not} 24... Rxe5 $6 25. Be4 f5 26. Bxd5+ Rxd5 27. Bxh6 Rxd1+ 28. Rxd1 $16) 25. f4 Bd4 (25... Rxb2+ $2 {loses.} 26. Kc1 $18) (25... Nxf4 $2 26. Rxe5 Rxe5 27. Bxf4 $18) 26. Rxe8+ Rxe8 27. Kc2 Ne3+ (27... Re2 28. Kd3 Rf2 (28... Rxg2 29. Be4 $16) 29. Be4 Nxf4+ 30. Kc4 $15) 28. Bxe3 Rxe3 $11 {[%emt 0:00:00][%mdl 4096] Endgame KRB-KRB} 29. Bd3 g6 30. Rd2 Kf8 31. Kb3 Re7 32. f5 Rb7+ 33. Ka2 g5 34. Bc4 Kg7 35. g4 {[%emt 0:00:17] The position is equal.} a5 36. Re2 Kf6 37. Bd5 {[%emt 0:00:04] Opposite bishops and equal position} Re7 38. Rxe7 Kxe7 39. Kb3 f6 40. h3 Kd6 {[%emt 0:00:01] Weighted Error Value: White=0.05 (flawless) /Black=0.04 (flawless)   Inaccurate:     	White=3     	Black=1      OK:         	White=14    	Black=16     Best:        	White=3     	---} 1/2-1/2

[Event "CCT Chessable Masters Playoffs 2025"]
[Site "Online"]
[Date "2025.02.19"]
[Round "53"]
[White "Duda, Jan-Krzysztof"]
[Black "Yu, Yangyi"]
[Result "1-0"]
[Annotator "TA"]
[ECO "C44"]
[WhiteElo "2739"]
[BlackElo "2715"]
[PlyCount "199"]
[EventDate "2025.02.13"]
[EventType "k.o."]
[EventCountry "NET"]
[SourceTitle "playchess.com"]
[Source "ChessBase"]
[SourceQuality "1"]
[TimeControl "600"]

1. e4 e5 2. Nf3 Nf6 3. d3 Nc6 4. Be2 Bc5 5. O-O d6 6. c3 a5 {[%emt 0:00:01] C44: Ponziani Opening and Scotch Gambit.} 7. Nbd2 O-O 8. h3 $5 {[%emt 0:00:01][%mdl 4] A promising side line.} h6 {[%emt 0:00:22] Black is slightly better.} 9. Re1 Re8 10. Nf1 a4 $146 ({Predecessor:} 10... Ba7 11. Ng3 d5 12. b3 Be6 13. a3 Qd7 14. Bf1 Rad8 15. Qc2 d4 16. Bb2 b5 17. cxd4 Bxd4 18. Nxd4 Nxd4 19. Bxd4 Qxd4 20. Qxc7 {1-0 Felgaer,R (2563)-Arnold,M (2283) Titled Tuesday intern op 13th Aug Early blitz 2024 (1)}) 11. Ng3 Bb6 12. Bf1 d5 13. Qc2 Be6 14. Bd2 Qd7 15. b4 axb3 16. axb3 Qd6 17. b4 {[%emt 0:00:36] Prevents Qc5} d4 18. Qb2 dxc3 19. Bxc3 Nd7 20. b5 Nd4 21. Nxd4 exd4 22. Bd2 Nc5 23. Nf5 {[%emt 0:00:45] [#]} (23. Ra3 $1 $11) 23... Bxf5 (23... Qd7 $1 $17) 24. exf5 $11 Rad8 25. Qa2 (25. Rxe8+ {simplifies} Rxe8 26. Qb1 Qd5 27. g4) 25... Qf6 26. g4 Qd6 (26... h5 $11) 27. Qc4 $16 Nd7 28. Bg2 {[%emt 0:00:15][%cal Bf1g2,Bg2b7,Bb7d5][%mdl 32] Black is weak on the light squares} Ne5 29. Qb3 Rb8 30. Rac1 Bc5 {[%emt 0:00:14] Wards off Bb4} (30... Nd7 $142) 31. Re4 Nd7 32. Rxe8+ Rxe8 33. Bxb7 Bb6 (33... Re7 $16 34. Bf3 Qf6) 34. Bd5 $18 Rf8 (34... Ne5 $142 35. Kg2 Qf6) 35. Rc6 Qe5 36. Bb4 {[%emt 0:00:18] Against Nc5. A strong pair of Bishops.} Nf6 37. Rxf6 (37. Bc4 $18 {and the rest is easy.}) 37... Qxf6 $16 38. Bxf8 Kxf8 $18 {[%emt 0:00:00][%mdl 4096] Endgame KQB-KQB. White is a pawn up.} 39. Qc4 (39. Qa3+ Qe7 40. Qa8+ Qe8 41. Qa2) 39... Ke7 40. Kg2 {[%emt 0:00:01] White has more active pieces.} Ke8 41. Qa2 Ke7 42. Qe2+ (42. Qa8 Qd6 43. Bc4 Qf6 44. Qd5) 42... Kf8 43. Qa2 (43. Bc6 $16 Qe7 44. Qa2) 43... Qe7 (43... Ke7 $1 $11) 44. Bc6 {[%emt 0:00:03] White wants to mate with Qa8+.} Qd8 45. Qa3+ (45. Kf1 {is interesting.} Ke7 46. Bd5 Qe8 47. Qc4) 45... Kg8 46. Qc1 Qe7 47. Qf4 Bc5 48. Qf3 Bd6 49. Qd5 Qe5 50. Qxe5 Bxe5 $16 {[%emt 0:00:00] KB-KB. White is a pawn up.} 51. Kf3 Kf8 52. Ke4 f6 53. Bd5 Ke7 54. Bb7 Kf8 55. Ba8 Ke7 56. Bc6 (56. Kd5 $16) 56... Kd8 (56... Kf8 $11) 57. Bd5 Ke7 58. Be6 Kd8 59. Bg8 Ke7 60. Bb3 Kd8 61. Ba2 Ke7 62. Bb1 Kd8 63. Bc2 Ke7 64. Bb3 Kd8 $1 65. Bc4 Ke7 66. f3 Kd8 67. Bd5 Ke7 68. Bc6 Kd8 69. Ba8 Ke7 70. Bb7 Kd8 71. Ba6 Ke7 72. Bc8 Kd8 73. Be6 Ke7 74. Bg8 Kd8 75. Bb3 Ke7 76. Bd5 Kd8 77. h4 Ke7 78. Bc6 Kd8 79. Bb7 Ke7 80. Ba8 Kd8 81. Bd5 Ke7 $1 82. Bg8 Bd6 83. Kxd4 Kd8 84. Kd5 {[%emt 0:00:01][%cal Ob5b6] b6! is the strong threat.} Be5 {[%emt 0:00:00] [#]} (84... Kd7 $16 {is a better defense.}) 85. Kc6 (85. Ke6 $1 $18 ) 85... Bg3 86. h5 Bf2 87. Be6 Be3 88. Kd5 Bf2 89. Kc4 Ke7 90. Bd5 Kd8 91. Bc6 Ke7 92. d4 Kd6 93. Be4 Be3 94. Bc6 ({White should play} 94. Kc3 $16) 94... Bf4 (94... Bf2 $11 {remains equal.}) 95. Kd3 {[%emt 0:00:01] White is better.} Bg3 96. Ke4 Be1 97. Bd5 Ba5 98. Be6 Bb6 99. Bg8 Ba5 100. Bf7 {[%emt 0:00:00] Weighted Error Value: White=0.20 (precise) /Black=0.21 (precise)   Missed win:     	White=1     	---        Mistake:       	White=5     	Black=9      Inaccurate:     	White=6     	Black=5      OK:         	White=30    	Black=24     Best:        	White=1     	Black=5      Strong:       	---       	Black=2} 1-0

[Event "CCT Chessable Masters Playoffs 2025"]
[Site "Online"]
[Date "2025.02.19"]
[Round "53"]
[White "Yu, Yangyi"]
[Black "Duda, Jan-Krzysztof"]
[Result "1-0"]
[Annotator "TA"]
[ECO "D36"]
[WhiteElo "2715"]
[BlackElo "2739"]
[PlyCount "81"]
[EventDate "2025.02.13"]
[EventType "k.o."]
[EventCountry "NET"]
[SourceTitle "playchess.com"]
[Source "ChessBase"]
[SourceQuality "1"]
[TimeControl "600"]

1. d4 Nf6 2. c4 e6 3. Nc3 d5 4. cxd5 exd5 5. Bg5 c6 6. Qc2 Be7 7. e3 Nbd7 8. Bd3 h6 9. Bh4 Nh5 10. Bxe7 Qxe7 11. Nge2 Nb6 12. O-O {[%emt 0:00:06] D36: Queen's Gambit Declined: Exchange Variation: Main line (5 Bg5 c6 6 Qc2).} O-O 13. Rae1 Bd7 14. a3 $5 {[%emt 0:00:21][%mdl 4] White has an edge. Exploring less charted territory.} Rae8 15. Qd2 $146 (15. Ng3 Nxg3 16. hxg3 Qg5 17. Ne2 Nc8 18. Nf4 Nd6 19. Nh3 Qf6 20. Nf4 Bf5 21. f3 Bxd3 22. Qxd3 {1-0 Tsvetkov,A (2394)-Ambartsumova,K (2382) Titled Tuesday intern op 02nd Feb blitz 2021 (2)}) 15... Qg5 16. Nf4 Bf5 $2 {[%emt 0:00:16][%mdl 8192] [#]} (16... Nxf4 $11 {and Black has nothing to worry.} 17. exf4 Qd8) 17. h4 $1 $18 Qxh4 {[%emt 0:00:19] ...Nxf4 is the strong threat.} (17... Qg4 18. Be2) 18. Bxf5 Nc4 19. Qc1 Nxf4 20. exf4 Qf6 21. Bd3 Qxd4 22. Rd1 Kh8 23. Be2 Qf6 24. Bxc4 dxc4 25. Rd7 Re7 26. Rxe7 Qxe7 27. Re1 Qf6 28. Qe3 Rd8 29. Qxa7 Qxf4 30. Qxb7 Rb8 31. Qxc6 {[%emt 0:00:07] Re8+ would now be deadly.} Rxb2 32. Qe8+ Kh7 33. Qe3 Qf6 (33... Qxe3 $142 34. Rxe3 Rb6) 34. a4 Rb3 35. Qe4+ g6 36. Nd5 ({Stronger than} 36. Qxc4 Rxc3 37. Qe4 Rc5 $11) 36... Qc6 (36... Qe6 37. Rc1 Qxe4 38. Nf6+ Kg7 39. Nxe4 Rb4) 37. Qe5 {[%emt 0:00:17] White threatens Nf6+ and mate.} g5 38. Ne7 Qd7 39. Nf5 {[%emt 0:01:00][%csl Gf5][%cal Re5g7] White mates.} Kg6 40. g4 f6 41. Qe7 {[%emt 0:00:03] White took control after the opening.   Weighted Error Value: White=0.23 (precise) /Black=0.64  Loses game:     	---       	Black=1      Mistake:       	---       	Black=2      Inaccurate:     	White=1     	---        OK:         	White=15    	Black=8      Best:        	White=1     	---        Brilliant:      	White=1     	---} 1-0

[Event "CCT Chessable Masters Playoffs 2025"]
[Site "Online"]
[Date "2025.02.19"]
[Round "53"]
[White "Esipenko, Andrey"]
[Black "Nepomniachtchi, Ian"]
[Result "0-1"]
[Annotator "TA"]
[ECO "E20"]
[WhiteElo "2695"]
[BlackElo "2754"]
[PlyCount "98"]
[EventDate "2025.02.13"]
[EventType "k.o."]
[EventCountry "NET"]
[SourceTitle "playchess.com"]
[Source "ChessBase"]
[SourceQuality "1"]
[TimeControl "600"]

1. d4 Nf6 2. c4 e6 3. Nc3 Bb4 4. Nf3 d5 5. g3 O-O 6. Bg2 dxc4 7. O-O Nc6 8. a3 {[%emt 0:00:01] 8.Re1 is the hot move. E20: Nimzo-Indian: 4 g3 and 4 f3.} Bd6 (8... Be7) 9. Qa4 $11 e5 10. Qxc4 {[%emt 0:00:35] White sacrificed a pawn. White is slightly better.} Nxd4 11. Nxd4 {[%emt 0:00:02] A sharp opening} exd4 12. Qxd4 Qe7 $146 (12... h6 13. Nb5 Qe7 14. Nxd6 cxd6 15. Bf4 Rd8 16. Rfe1 Be6 17. Rad1 a6 18. Bxd6 Qd7 {1-0 Urazayev,A (2445)-Vokhidov,S (2530) Titled Tuesday intern op 27th July blitz 2021 (11)}) 13. Bf4 Bxf4 14. Qxf4 c6 15. Rfd1 Be6 16. Qe3 Rfe8 17. h3 h6 18. Rd2 Qc7 19. Qc5 Nd7 20. Qb4 a5 21. Qd4 Ne5 22. Qc5 Nd7 23. Qd4 Ne5 24. Qc5 Rac8 25. b4 Nc4 26. Rdd1 b6 27. Qh5 Qe7 28. bxa5 Nxa5 29. a4 Nc4 30. Qf3 {[%emt 0:00:04] Counterplay Black} Qb4 31. Rab1 Qa5 32. g4 Red8 33. Qg3 Nd2 34. Rbc1 (34. Rb2 $11 Nc4 35. Rbb1) 34... Nb3 (34... Bb3 $15 35. Re1 Bxa4) 35. Rb1 Nd4 36. Kh1 c5 $36 {[%emt 0:00:02][%mdl 2048] Black fights for an advantage.} 37. h4 Bb3 (37... Rd7 $15) 38. Rdc1 c4 39. g5 hxg5 (39... Bxa4 40. Ra1 (40. gxh6 Nf5 $11) 40... Nxe2 41. Nxe2 hxg5 42. Qxg5 (42. hxg5 Qd2 $16) 42... Qxg5 43. hxg5 $16) 40. hxg5 Bc2 $2 {[%emt 0:00:01][%mdl 8192] [#]} (40... Nf5 $11 {and Black is okay.} 41. Qf4 Ne7) 41. Rb2 $2 ({Only move:} 41. Rxc2 $1 $18 Nxc2 42. Rb5) 41... Bg6 42. e4 $2 (42. Rd2 $11) 42... Nb3 $19 43. Rcc2 (43. Rg1 $17) 43... Rd3 44. Qg4 Re8 45. Nd5 Qe1+ $2 (45... Qxa4 46. Nxb6 Qa1+ 47. Kh2 $17) ({Black should play} 45... Nc5 $19 {Hoping for ...c3.} 46. Nf4 Rd4 (46... Qe1+ 47. Kh2 $17) 47. Nxg6 fxg6) 46. Kh2 $15 Nd4 $2 {[%emt 0:00:02] [#]} (46... Bxe4 $2 47. Re2 (47. Nxb6 $2 Bxg2 48. Kxg2 Rd1 $19) 47... Bxd5 48. Rxe1 Rxe1 49. Qc8+ Kh7 50. Bxd5 Rxd5 51. Qxc4 Rxg5 52. Rxb3 $18) (46... Nc5 $15 {keeps the upper hand.} 47. Nf4 c3 48. Nxd3 cxb2 (48... Nxd3 $2 49. Rxb6 Nxf2 50. Qh4 $18) 49. Nxe1 b1=Q (49... b1=B $2 50. Rb2 $18)) 47. Ne7+ $2 Rxe7 $19 48. Qc8+ Kh7 {[%emt 0:00:01] ( -> ...Rxe4)} 49. Rxb6 Rxe4 {[%emt 0:00:09] Weighted Error Value: White=0.61/Black=0.30  Loses game:     	White=2     	Black=1      Missed win:     	White=1     	---        Mistake:       	White=2     	Black=5      Inaccurate:     	White=6     	Black=1      OK:         	White=12    	Black=19     Best:        	White=1     	Black=3} 0-1